 Dungeon Crawl Stone Soup version 0.29-a0-821-g66395355a5 (webtiles) character file.

Game seed: 10017467494889040480

613 HoaS the Skirmisher (level 7, -3/40 HPs)
             Began as a Gargoyle Hunter on July 8, 2022.
             Was an Initiate of Makhleb.
             Slain by a gnoll bouda
             ... wielding a +0 whip
              (6 damage)
             ... on level 5 of the Dungeon.
             The game lasted 00:08:16 (4078 turns).

HoaS the Skirmisher (Gargoyle Hunter)               Turns: 4078, Time: 00:08:17

Health: -3/40      AC:  9    Str: 14    XL:     7   Next: 44%
Magic:  7/7        EV: 11    Int: 10    God:    Makhleb [......]
Gold:   108        SH:  0    Dex: 15    Spells: 6/6 levels left

rFire   . . .      SeeInvis .   a - +0 shortbow (flame)
rCold   . . .      Faith    .   (shield currently unavailable)
rNeg    + . .      Spirit   .   c - +0 leather armour
rPois   ∞          Reflect  .   m - +1 helmet
rElec   +          Harm     .   o - scarf {+Inv}
rCorr   .          Rampage  .   (no gloves)
Will    +....                   (no boots)
Stlth   ++........              (no amulet)
HPRegen 0.13/turn               j - ring of willpower
MPRegen 0.10/turn               (no ring)

@: no status effects
A: sickness immunity, AC +4, negative energy resistance 1, electricity
resistance, torment resistance 1, petrification resistance
a: Renounce Religion, Evoke Invisibility


You were on level 5 of the Dungeon.
You worshipped Makhleb.
Makhleb was noncommittal.
You visited 2 branches of the dungeon, and saw 6 of its levels.

You collected 234 gold pieces.
You spent 126 gold pieces at shops.

Inventory:

Hand Weapons
 a - a +0 shortbow of flaming (weapon)
Armour
 c - a +0 leather armour (worn)
 m - a +1 helmet (worn)
 o - a scarf of invisibility (worn)
Jewellery
 j - a ring of willpower (left hand)
Wands
 q - a wand of flame (16)
Scrolls
 b - 2 scrolls of immolation
Potions
 e - a potion of cancellation
 f - 2 potions of might
 g - a potion of degeneration {unknown}
 h - a potion of mutation {unknown}
 i - 2 potions of brilliance {unknown}
 k - a potion of haste {unknown}
 l - a potion of lignification {unknown}
 n - a potion of attraction {unknown}
 p - a potion of resistance {unknown}


   Skills:
 - Level 2.1 Fighting
 + Level 8.8 Ranged Weapons
 - Level 1.5 Dodging
 - Level 1.1 Stealth


You had 6 spell levels left.
You didn't know any spells.
Your spell library contained the following spells:

 Spells                   Type           Power      Damage    Failure   Level
 Foxfire                  Conj/Fire      0%         2x1d4     43%         1
 Conjure Flame            Conj/Fire      0%         6-21      82%         3
 Inner Flame              Hex/Fire       0%         N/A       82%         3
 Flame Wave               Conj/Fire      0%         2d4       99%         4
 Passage of Golubria      Tloc           0%         N/A       99%         4
 Silence                  Hex/Air        0%         N/A       100%        5
 Lehudib's Crystal Spear  Conj/Erth      0%         10d2      100%        8


Dungeon Overview and Level Annotations

Branches:
Dungeon (5/15)             Temple (1/1) D:4

Altars:
Ashenzari
Dithmenos
Fedhas
Gozag
Kikubaaqudgha
Makhleb
Nemelex Xobeh
Qazlal
Trog
Uskayaw
Vehumet
Wu Jian
Xom
Yredelemnul
Zin
The Shining One

Shops:
D:3 !


Innate Abilities, Weirdness & Mutations

You are immune to sickness and miasma.
Your stone body is resilient. (AC +4)
You are immune to poison.
You resist negative energy. (rN+)
You are resistant to electric shocks. (rElec)
You are resistant to unholy torment.
You are immune to petrification.


Message History

The gnolls pick up the pace!
Fire: a) +0 shortbow (flame)
Press: ? - help, Q - select action, (/) - cycle Shift-Dir - straight line, f/p - phantom
Aim: a phantom (almost destroyed, 54% to hit)
You shoot an arrow. The arrow closely misses the phantom.
The arrow hits the gnoll bouda.
The arrow burns the gnoll bouda.
The gnoll bouda is moderately wounded.
The phantom barely misses you.
Fire: a) +0 shortbow (flame)
Press: ? - help, Q - select action, (/) - cycle Shift-Dir - straight line, f/p - phantom
Aim: a phantom (almost destroyed, 54% to hit)
You shoot an arrow. The arrow hits the phantom!
The arrow burns the phantom.
You destroy the phantom!
Makhleb accepts your kill.
The gnoll hits you from afar with a +0 spear.
Fire: a) +0 shortbow (flame)
Press: ? - help, Q - select action, (/) - cycle Shift-Dir - straight line, f - gnoll bouda
Aim: a gnoll bouda, wielding a +0 whip and wearing a +0 leather armour (moderately wounded, 68% to hit)
You shoot an arrow.
The arrow closely misses the gnoll bouda.
The arrow hits the gnoll.
The arrow burns the gnoll.
The gnoll is heavily wounded.
The gnoll is no longer moving quickly.
The gnoll bouda hits you with a +0 whip.
The gnoll hits you from afar with a +0 spear.
The gnoll bouda hits you with a +0 whip.
* * * LOW HITPOINT WARNING * * *
Fire: a) +0 shortbow (flame)
Press: ? - help, Q - select action, (/) - cycle Shift-Dir - straight line, f/p - gnoll bouda
Aim: a gnoll bouda, wielding a +0 whip and wearing a +0 leather armour (moderately wounded, 68% to hit)
You shoot an arrow.
The arrow barely misses the gnoll bouda.
The arrow closely misses the gnoll.
The arrow hits the gnoll.
The arrow burns the gnoll.
The gnoll is heavily wounded.
The gnoll hits you from afar with a +0 spear.
* * * LOW HITPOINT WARNING * * *
The gnoll bouda hits you with a +0 whip.
You die...

........# ........######
.............# #####
#....>.......# #.....
####.........# #.....
##........# .....
##.......## #..##
#.......g###############..##
#...(...ggg@.......†)..#....
###.###.##############.#..##
#)# #..#### ####...... #.#
##....#######.....##.. #.#
####.........##...... #.#
#...#############..
##.######.#.# #.#
##..[......#.# #..
#..#.....###.# ##.


You could see a gnoll bouda and 3 gnolls.

Vanquished Creatures
  2 ogres (D:5)
  A phantom (D:5)
  3 iguanas
  An orc wizard (D:4)
  8 adders
  7 gnolls
  A shadow imp (D:5)
  4 worms
  4 dart slugs
  5 orcs
  6 endoplasms
  A giant cockroach (D:2)
  12 goblins
  6 hobgoblins
  9 jackals
  6 kobolds
  7 quokkas
  3 ball pythons
  8 bats
  3 frilled lizards
  6 rats
103 creatures vanquished.

Notes
Turn   | Place    | Note
-------+----------+-------------------------------------------
     0 | D:1      | HoaS the Gargoyle Hunter began the quest for the Orb.
     0 | D:1      | Reached XP level 1. HP: 12/12 MP: 1/1
   203 | D:1      | Reached XP level 2. HP: 17/17 MP: 2/2
   514 | D:1      | Reached XP level 3. HP: 14/21 MP: 3/3
   655 | D:1      | Reached skill level 5 in Ranged Weapons
   936 | D:2      | Reached XP level 4. HP: 26/26 MP: 4/4
  1148 | D:2      | Found a faded altar of an unknown god.
  1556 | D:3      | Reached skill level 6 in Ranged Weapons
  1556 | D:3      | Found a hide-covered altar of Uskayaw.
  1570 | D:3      | Found Cioc's Distillery.
  1582 | D:3      | Bought a potion of curing for 36 gold pieces
  1661 | D:3      | Reached XP level 5. HP: 30/30 MP: 5/5
  2171 | D:4      | Found a staircase to the Ecumenical Temple.
  2257 | Temple   | Entered the Ecumenical Temple
  2660 | Temple   | Became a worshipper of Makhleb the Destroyer
  2941 | D:4      | Found Zin's Purification Station.
  2943 | D:4      | Found a glowing silver altar of Zin.
  2948 | D:4      | Bought a potion of curing for 90 gold pieces
  3118 | D:4      | Reached skill level 7 in Ranged Weapons
  3118 | D:4      | Reached XP level 6. HP: 35/35 MP: 6/6
  3118 | D:4      | Found a sparkling altar of Nemelex Xobeh.
  3294 | D:5      | Entered Level 5 of the Dungeon
  3779 | D:5      | Reached skill level 8 in Ranged Weapons
  3779 | D:5      | Reached XP level 7. HP: 40/40 MP: 7/7
  4078 | D:5      | Slain by a gnoll bouda

Illustrated notes

Levels and vault maps discovered:
D:1:      arrival_zaba_pyramid, layout_basic
D:2:      layout_loops_ring, dreamdust_ecumenical_altar_statues
D:3:      layout_basic, nicolae_overflow_crystal_walls, serial_shops, shop
D:4:      layout_basic, zin_purify, mainiacjoe_overflow_tiny_flanked,
          minmay_temple_entry_trees, nrook_mini_vaults
D:5:      layout_rooms
Temple:   oiseaux_autumnal_temple

Skill      XL: |  1  2  3  4  5  6 |
---------------+-------------------+-----
Ranged Weapons | 5 6 7 8 |  8.8
Fighting       | |  2.1
Dodging        | |  1.5
Stealth        | |  1.1

Action                   |  1- 3 |  4- 6 |  7- 9 || total
-------------------------+-------+-------+-------++-------
 Fire: Shortbow          |   105 |   173 |    56 ||   334
  Use: Scroll            |     3 |     8 |       ||    11
       Potion            |       |     3 |     2 ||     5
Armor: Leather armour    |    25 |    23 |    32 ||    80
Dodge: Dodged            |    36 |    23 |    26 ||    85

Table legend: (Time is in decaauts)
 A = Elapsed time spent in this place.
 B = Non-inter-level travel time spent in this place.
 C = Inter-level travel time spent in this place.
 D = Time resting spent in this place.
 E = Time spent auto-exploring this place.
 F = Levels seen in this place.
 G = Mean time per level.
                   A        B        C        D        E       F      G
               +--------+--------+--------+--------+--------+-----+--------+
         Total |   4161 |   4040 |    121 |    938 |   2368 |   6 |  693.5 |
       Dungeon |   3715 |   3635 |     80 |    784 |   2135 |   5 |  743.0 |
        Temple |    445 |    405 |     40 |    154 |    233 |   1 |  445.0 |
               +--------+--------+--------+--------+--------+-----+--------+

Top non-repeatable levels by time:
     D:1: 864 daAuts
     D:4: 798 daAuts
     D:5: 792 daAuts
     D:2: 682 daAuts
     D:3: 576 daAuts
  Temple: 445 daAuts
